 Dungeon Crawl Stone Soup version 0.29.0-7-g18a832c13a (webtiles) character file.

Game seed: 6488457120695184308

1654 RevDB the Arsonist (level 8, -7/41 HPs)
             Began as a Deep Elf Fire Elementalist on Aug 31, 2022.
             Was a Follower of Vehumet.
             Mangled by an orc warrior
             ... wielding a +0 flail
              (13 damage)
             ... on level 7 of the Dungeon.
             The game lasted 00:46:44 (5123 turns).

RevDB the Arsonist (Deep Elf Fire Elementalist)     Turns: 5123, Time: 00:46:44

Health: -7/41      AC:  4    Str:  5    XL:     8   Next: 68%
Magic:  0/17       EV: 14    Int: 23    God:    Vehumet [*.....]
Gold:   260        SH:  0    Dex: 15    Spells: 7/17 levels left

rFire   . . .      SeeInvis .   y - +2 dagger (flame)
rCold   . . .      Faith    .   (no shield)
rNeg    . . .      Spirit   +   a - +0 robe
rPois   .          Reflect  .   (no helmet)
rElec   .          Harm     .   (no cloak)
rCorr   .          Rampage  .   h - +0 pair of gloves
Will    .....                   w - +0 pair of boots
Stlth   ++........              r - amulet of guardian spirit
HPRegen 0.13/turn               I - ring of wizardry
MPRegen 0.15/turn               (no ring)

@: no status effects
A: no striking features
a: Renounce Religion


You were on level 7 of the Dungeon.
You worshipped Vehumet.
Vehumet was aware of your devotion.
You visited 1 branch of the dungeon, and saw 7 of its levels.
You also visited: Ossuary.

You collected 260 gold pieces.

Inventory:

Hand Weapons
 v - a +0 quarterstaff
 y - a +2 dagger of flaming (weapon)
Missiles
 x - a throwing net
Armour
 a - a +0 robe (worn)
 h - a +0 pair of gloves (worn)
 w - a +0 pair of boots (worn)
Jewellery
 k - a ring of ice
 r - an amulet of guardian spirit (around neck)
 I - a ring of wizardry (left hand)
Wands
 f - a wand of quicksilver (5)
Scrolls
 c - 3 scrolls of amnesia {unknown}
 i - 6 scrolls of teleportation
 l - a scroll of noise {unknown}
 o - 2 scrolls of immolation {unknown}
 p - 2 scrolls of enchant weapon
 t - 2 scrolls of butterflies {unknown}
 u - a scroll of fear {unknown}
 B - a scroll of magic mapping {unknown}
 D - a scroll of enchant armour {unknown}
 G - 3 scrolls of identify
Potions
 d - a potion of attraction {unknown}
 e - a potion of invisibility {unknown}
 g - 5 potions of curing
 j - a potion of berserk rage {unknown}
 m - 4 potions of flight
 n - a potion of degeneration {unknown}
 q - a potion of resistance {unknown}
 s - a potion of heal wounds {unknown}
 z - a potion of brilliance
 A - 2 potions of cancellation
 C - 4 potions of haste {unknown}
 E - a potion of might {unknown}
 F - a potion of lignification {unknown}
 H - a potion of mutation {unknown}


   Skills:
 - Level 6.0 Dodging
 - Level 2.5 Stealth
 - Level 5.0 Spellcasting
 + Level 7.6 Conjurations
 - Level 8.0 Fire Magic


You had 7 spell levels left.
You knew the following spells:

 Your Spells              Type           Power      Damage    Failure   Level
a - Foxfire               Conj/Fire      100%       2x1d9     1%          1
b - Scorch                Fire           84%        2d9       1%          2
c - Flame Wave            Conj/Fire      41%        2d11      1%          4
d - Conjure Flame         Conj/Fire      41%        6-21      1%          3

Your spell library contained the following spells:

 Spells                   Type           Power      Damage    Failure   Level
 Shock                    Conj/Air       92%        1d8       1%          1
 Inner Flame              Hex/Fire       24%        N/A       2%          3
 Stone Arrow              Conj/Erth      46%        3d9       2%          3
 Freeze                   Ice            20%        1d4       4%          1
 Summon Small Mammal      Summ           20%        N/A       4%          1
 Hailstorm                Conj/Ice       23%        3d7       9%          4
 Call Canine Familiar     Summ           5%         N/A       12%         3
 Frozen Ramparts          Ice            10%        1d2       12%         3
 Summon Guardian Golem    Hex/Summ       5%         N/A       12%         3
 Animate Armour           Summ/Erth      10%        N/A       34%         4
 Lehudib's Crystal Spear  Conj/Erth      11%        10d4      100%        8


Dungeon Overview and Level Annotations

Branches:
Dungeon (8/15)            Ossuary (visited)
 Temple: D:4-7         Lair: D:8-11

Altars:
Ashenzari
Elyvilon
Hepliaklqana
Vehumet

Annotations:
D:8 2 transporters


Message History

The foxfire hits the orc warrior.
The orc warrior is moderately wounded.
The foxfire hits the orc warrior.
The orc warrior is heavily wounded.
The foxfire hits the orc warrior but does no damage.
The orc warrior is heavily wounded.
The orc warrior closely misses you.
Press: ? - help, v - describe, . - travel A rock wall.
Casting: Scorch (safe; 1% risk of failure)
Confirm with . or Enter, or press ? or * to list all spells.
Flames lash the orc warrior.
The orc warrior is severely wounded.
The orc warrior's fire resistance burns away.
The orc warrior hits you with a +0 flail!
Casting: Scorch (safe; 1% risk of failure)
Confirm with . or Enter, or press ? or * to list all spells.
Flames lash the orc warrior but do no damage.
The orc warrior hits you with a +0 flail!
Press: ? - help, v - describe, . - travel
Here: an orc warrior, wielding a +0 flail and wearing a +0 plate armour (severely wounded, more vulnerable to fire)
The floor.
You hit the orc warrior but do no damage.
The orc warrior is severely wounded.
The orc warrior hits you with a +0 flail!
* * * LOW HITPOINT WARNING * * *
Magic courses through your body.
The orc warrior hits you with a +0 flail!
* * * LOW HITPOINT WARNING * * *
Casting: Scorch (safe; 1% risk of failure)
Confirm with . or Enter, or press ? or * to list all spells.
Flames lash the orc warrior.
The orc warrior is burned terribly!
The orc warrior is almost dead.
The orc warrior misses you.
Casting: Scorch (safe; 1% risk of failure)
Confirm with . or Enter, or press ? or * to list all spells.
Flames lash the orc warrior.
The orc warrior is almost dead.
The orc warrior hits you with a +0 flail!
You die...

#...... +..... #....
#.))# #######
#..)#######.#..#..
+.................
#o................
#@...............
#.................
##....###....####+#
#....###....####..
...................
###.................
#.................
#....###......##..
+## ##......# .


You could see an orc warrior (combustible).

Vanquished Creatures
  Prince Ribbit (D:8)
  An ice beast (D:8)
  A black bear (D:5)
  A phantom (D:5)
  A bullfrog (D:8)
  A necrophage (D:5)
  6 water moccasin zombies (Ossuary)
  A scorpion (D:4)
  A howler monkey (D:8)
  4 orc priests
  2 hounds
  A jelly (D:5)
  3 iguanas
  Jessica (D:3)
  3 orc wizards
  2 mummies (Ossuary)
  5 adders
  A shadow imp (D:5)
  A white imp (D:5)
  An ufetubus (D:5)
  8 adder zombies (Ossuary)
  3 worms
  3 dart slugs
  28 orcs
  6 endoplasms
  2 giant cockroaches
  8 goblins
  6 hobgoblins
  3 jackals (D:3)
  A quokka (D:4)
  3 ball pythons
  3 bats
  A frilled lizard (D:1)
  4 gnoll zombies (Ossuary)
  A hobgoblin zombie (Ossuary)
  8 kobolds
  7 kobold zombies (Ossuary)
  7 orc zombies (Ossuary)
  4 rats
144 creatures vanquished.

Vanquished Creatures (collateral kills)
  3 foxfires
3 creatures vanquished.

Vanquished Creatures (others)
  390 foxfires
  15 plants (D:1)
405 creatures vanquished.

Grand Total: 552 creatures vanquished

Notes
Turn   | Place    | Note
-------+----------+-------------------------------------------
     0 | D:1      | RevDB the Deep Elf Fire Elementalist began the quest for
                  | the Orb.
     0 | D:1      | Reached XP level 1. HP: 10/10 MP: 6/6
   200 | D:1      | Reached XP level 2. HP: 11/15 MP: 0/8
   676 | D:2      | Learned a level 2 spell: Scorch
   721 | D:2      | Found a broken altar of Ashenzari.
   737 | D:2      | Found a faded altar of an unknown god.
   926 | D:2      | Reached XP level 3. HP: 19/19 MP: 6/10
  1048 | D:2      | Reached skill level 4 in Fire Magic
  1336 | D:2      | Reached XP level 4. HP: 18/24 MP: 7/12
  1635 | D:3      | Noticed Jessica
  1646 | D:3      | Killed Jessica
  1647 | D:3      | Reached skill level 5 in Fire Magic
  2025 | D:3      | Reached XP level 5. HP: 28/28 MP: 5/13
  2166 | D:3      | Found a white marble altar of Elyvilon.
  2438 | D:3      | Learned a level 4 spell: Flame Wave
  2459 | D:4      | Found a sand-covered staircase.
  2468 | Ossuary  | Entered an ossuary
  2510 | Ossuary  | Reached skill level 6 in Fire Magic
  2622 | Ossuary  | Reached XP level 6. HP: 26/32 MP: 4/14
  2908 | Ossuary  | Reached skill level 5 in Conjurations
  2979 | Ossuary  | Learned a level 3 spell: Conjure Flame
  2997 | Ossuary  | Reached XP level 7. HP: 34/36 MP: 5/15
  3159 | D:4      | Reached skill level 7 in Fire Magic
  3743 | D:4      | Found a faded altar of an unknown god.
  3744 | D:4      | Found a faded altar of an unknown god.
  3744 | D:4      | Found a hazy altar of Hepliaklqana.
  3858 | D:5      | Entered Level 5 of the Dungeon
  3880 | D:5      | Found a radiant altar of Vehumet.
  4001 | D:5      | Became a worshipper of Vehumet
  4321 | D:5      | Reached XP level 8. HP: 41/41 MP: 12/16
  4340 | D:5      | Reached skill level 5 in Dodging
  4401 | D:5      | You fall into a shaft and drop 3 floors!
  4450 | D:8      | Reached * piety under Vehumet
  4450 | D:8      | Offered knowledge of Shock by Vehumet.
  4582 | D:8      | Found a transporter.
  4585 | D:8      | Found a transporter.
  4651 | D:8      | Reached skill level 5 in Spellcasting
  4681 | D:8      | Noticed Prince Ribbit
  4778 | D:8      | Killed Prince Ribbit
  4779 | D:8      | Reached skill level 8 in Fire Magic
  5123 | D:7      | Mangled by an orc warrior

Illustrated notes

Levels and vault maps discovered:
D:1:      roderic_crop_circles_arrival_small, layout_basic, st_stairs_13
D:2:      layout_loops_corners, basic_altar, dreamdust_ecumenical_altar_grove
D:3:      layout_basic, lemuel_doored_altar, uniq_jessica
D:4:      layout_cave_pods, nicolae_hepliaklqana_ecumenical_no_more,
          enter_ossuary_1
D:5:      layout_basic, vehumet_crystals, minmay_misc_feat_hallway, minivault_27
D:7:      layout_gridville, minmay_overflow_temple_star_hex,
          minmay_temple_entry_offerings, uniq_crazy_yiuf_cottage
D:8:      layout_loops_cross, overflow_temple_1_default,
          nicolae_overflow_hidden_temple, gammafunk_ghost_smash,
          uniq_prince_ribbit1, uniq_pikel

Skill      XL: |  1  2  3  4  5  6  7  8 |
---------------+-------------------------+-----
Conjurations   | 2 3 5 7 |  7.6
Spellcasting   | 4 5 |  5.0
Fire Magic     | 4 5 6 7 8 |  8.0
Dodging        | 4 6 |  6.0
Stealth        | |  2.5

Action                   |  1- 3 |  4- 6 |  7- 9 || total
-------------------------+-------+-------+-------++-------
Melee: Unarmed           |    22 |       |       ||    22
       Whip              |    10 |       |       ||    10
       Dagger            |       |    16 |    25 ||    41
       Punch             |       |       |     1 ||     1
 Cast: Foxfire           |    44 |    78 |   108 ||   230
       Scorch            |     5 |     9 |    20 ||    34
       Conjure Flame     |       |     1 |     6 ||     7
  Use: Scroll            |       |     4 |     2 ||     6
       Potion            |       |       |     1 ||     1
Armor: Robe              |     3 |    12 |     3 ||    18
Dodge: Dodged            |    12 |    34 |    28 ||    74
